 Dungeon Crawl Stone Soup version 0.22-a0-430-g6609fc6 (webtiles) character file.

64 Megalobster the Ruffian (level 3, 0/28 HPs)
             Began as a Draconian Transmuter on May 26, 2018.
             Slain by Sigmund
             ... wielding a +0 scythe of protection
              (4 damage)
             ... on level 2 of the Dungeon.
             The game lasted 00:04:55 (1746 turns).

Megalobster the Ruffian (Draconian Transmuter)      Turns: 1746, Time: 00:04:56

Health: 0/28       AC:  5    Str: 18    XL:     3   Next: 91%
Magic:  2/6        EV: 12    Int: 13    God:
Gold:   35         SH:  0    Dex: 11    Spells: 0/6 levels left

rFire    . . .     SeeInvis .     - Unarmed
rCold    . . .     Gourm    .   (no shield)
rNeg     . . .     Faith    .   (armour unavailable)
rPois    .         Spirit   .   (helmet restricted)
rElec    .         Reflect  .   (no cloak)
rCorr    .         Harm     .   (no gloves)
MR       .....                  (boots currently unavailable)
Stlth    +.........             (no amulet)
HPRegen  0.09/turn              (no ring)
MPRegen  0.10/turn              (no ring)

@: mighty, appendage (expiring)
A: unfitting armour, talons 3, cold-blooded, AC +5
a: End Transformation


You were on level 2 of the Dungeon.
You were not hungry.
You had grown temporary talons.
You visited 1 branch of the dungeon, and saw 2 of its levels.

You collected 35 gold pieces.

Inventory:

Missiles
 a - 25 arrows
 d - 67 stones (quivered)
Armour
 e - a +0 large shield
Wands
 l - a wand of flame (16)
 o - a wand of digging (15)
Scrolls
 g - 2 scrolls of identify {unknown}
 h - a scroll of teleportation {unknown}
 j - a scroll of noise {unknown}
 k - 2 scrolls of remove curse {unknown}
 m - a scroll of blinking {unknown}
 n - a scroll of fear {unknown}
Comestibles
 c - 3 rations
 f - 7 chunks of flesh


   Skills:
 - Level 1.1 Fighting
 + Level 2.3 Dodging
 * Level 3.7 Unarmed Combat
 + Level 2.3 Spellcasting
 * Level 2.9 Transmutations


You couldn't memorise any spells.
You knew the following spells:

 Your Spells              Type           Power        Failure   Level  Hunger
a - Beastly Appendage     Tmut           #.....       8%          1    #......
b - Sticks to Snakes      Tmut           #.......     11%         2    ###....
c - Spider Form           Tmut/Pois      #.........   38%         3    ###....

Your spell library contained the following spells:

 Spells                   Type           Power        Failure   Level  Hunger
 Blade Hands              Tmut           #.........   90%         5    ######.
 Ice Form                 Ice/Tmut       #.......     80%         4    #####..


Dungeon Overview and Level Annotations

Branches:
Dungeon (2/15)

Altars:

Annotations:
D:2 Sigmund


Innate Abilities, Weirdness & Mutations

Your plain brown scales are hard. (AC +5)
You cannot fit into any form of body armour.
You are cold-blooded and may be slowed by cold attacks.
You have claws for feet.


Message History

Your ball python bites Sigmund but does no damage.
Your ball python misses Sigmund.
You hit Sigmund.
Sigmund is moderately wounded.
Your transformation is almost over.
Your ball python closely misses Sigmund.
Your ball python grabs Sigmund.
Your ball python constricts Sigmund.
Your ball python bites Sigmund but does no damage.
Your ball python bites Sigmund.
Your ball python constricts Sigmund.
It was a potion of curing.
You feel better. Sigmund casts a spell at you. The puff of flame hits you!
* * * LOW HITPOINT WARNING * * *
Your ball python bites Sigmund but does no damage. x2
Your ball python constricts Sigmund.
You take 2 damage, and have 4/28 hp.
It was a potion of might.
You feel very mighty all of a sudden.
Sigmund hits you with a scythe of protection.
You die...

#...'...........
#.###...........
## #.#
#........... #.
#.#
#...........##.
#.#
............##.
#.#
.......####.##.
#.# .......#
#....
###'##.......#
#....
#...@@S....!
#....
#....S......
#....
#.......###.
#.... #.......#
#)### #.......#
###'#..
#.......#
#<....#
###.#####
#.....# #.
#.....# #......


You could see Sigmund and 2 friendly ball pythons.

Vanquished Creatures
  2 adders (D:2)
  2 dart slugs (D:1)
  4 giant cockroaches (D:1)
  3 hobgoblins
  6 jackals (D:1)
  7 bats
  A frilled lizard (D:2)
  4 goblins
  5 kobolds
  6 rats
40 creatures vanquished.

Vanquished Creatures (collateral kills)
  A rat (D:2)
1 creature vanquished.

Grand Total: 41 creatures vanquished

Notes
Turn   | Place    | Note
-------+----------+-------------------------------------------
     0 | D:1      | Megalobster the Draconian Transmuter began the quest for the Orb.
     0 | D:1      | Reached XP level 1. HP: 16/16 MP: 3/3
   471 | D:1      | Reached XP level 2. HP: 22/23 MP: 5/5
   774 | D:1      | Reached XP level 3. HP: 27/28 MP: 4/6
   955 | D:1      | Learned a level 2 spell: Sticks to Snakes
   959 | D:1      | Learned a level 3 spell: Spider Form
  1718 | D:2      | Noticed Sigmund
  1746 | D:2      | Slain by Sigmund

Vault maps used:
D:1:      dpeg_arrival_snail, roderic_lattice_a
D:2:      uniq_sigmund

Skill      XL: |  1  2 |
---------------+-------+-----
Dodging        | 2 |  2.3
Fighting       | |  1.1
Unarmed Combat | |  3.7
Spellcasting   | |  2.3
Transmutations | |  2.9

Action                   || total
-------------------------++-------
Melee: Unarmed           ||   158
       Tailslap          ||    16
       Kick              ||     6
       Headbutt          ||     5
Throw: Stone             ||     4
 Cast: Beastly Appendage ||    12
       Sticks to Snakes  ||     2
  Use: Potion            ||     2
 Stab: Sleeping          ||     1
  Eat: Chunk             ||     3
Armor: Skin              ||    48
Dodge: Dodged            ||   145

Table legend:
 A = Spawn XP
 B = Non-spawn XP
 C = Spawn XP percentage of total XP
 D = Spawn monster count
 E = Non-spawn monster count
 F = Spawn count percentage of total count
 G = Total turns spent on level
                    A         B        C        D         E        F      G
               +---------+---------+-------+---------+---------+-------+---------
         Total |       0 |      92 |   0.0 |       0 |      41 |   0.0 |  1746
               +---------+---------+-------+---------+---------+-------+---------
           D:1 |       0 |      47 |   0.0 |       0 |      27 |   0.0 |  1320
           D:2 |       0 |      45 |   0.0 |       0 |      14 |   0.0 |   426
               +---------+---------+-------+---------+---------+-------+---------
